 Dungeon Crawl Stone Soup version 0.29.0-11-gd7f09526c8 (webtiles) character file.

Game seed: 6354417472846453723

143 rigrig the Insei (level 5, 0/34 HPs)
             Began as an Octopode Transmuter on Sept 6, 2022.
             Slain by a shadow imp (4 damage)
             ... summoned by Eustachio
             ... on level 3 of the Dungeon.
             The game lasted 00:08:56 (5065 turns).

rigrig the Insei (Octopode Transmuter)              Turns: 5065, Time: 00:08:57

Health: 0/34       AC:  1    Str: 12      XL:     5   Next: 25%
Magic:  7/8        EV: 13    Int: 15      God:
Gold:   173        SH:  0    Dex: 10 (12) Spells: 0/8 levels left

rFire   . . .      SeeInvis .     - Unarmed
rCold   . . .      Faith    .   (no shield)
rNeg    . . .      Spirit   .   (helmet currently unavailable)
rPois   .          Reflect  .   (no amulet)
rElec   .          Harm     .   (no ring)
rCorr   .          Rampage  .   (no ring)
Will    .....                   (no ring)
Stlth   +++.......              (no ring)
HPRegen 0.11/turn               (no ring)
MPRegen 0.11/turn               (no ring)
                                (no ring)
                                (no ring)

@: appendages
A: tentacle spike 3, almost no armour, amphibious, 8 rings, camouflage 1,
gelatinous body 1, (nimble swimmer 1), tentacles
a: End Transformation


You were on level 3 of the Dungeon.
One of your tentacles had grown a beastly spike.
You visited 1 branch of the dungeon, and saw 4 of its levels.

You collected 173 gold pieces.

Inventory:

Missiles
 m - 2 throwing nets
Wands
 k - a wand of paralysis (9)
Scrolls
 b - a scroll of immolation
 c - a scroll of poison
 d - a scroll of magic mapping {unknown}
 e - a scroll of enchant weapon {unknown}
 f - a scroll of amnesia
 g - 3 scrolls of silence {unknown}
 h - a scroll of teleportation {unknown}
 l - a scroll of fog {unknown}
Potions
 a - 3 potions of lignification
 i - a potion of degeneration {unknown}
 j - 4 potions of heal wounds {unknown}
 n - a potion of curing {unknown}


   Skills:
 + Level 2.1 Fighting
 + Level 2.3 Dodging
 + Level 1.4 Stealth
 * Level 4.2 Unarmed Combat
 + Level 2.2 Spellcasting
 * Level 3.0 Transmutations


You couldn't memorise any spells.
You knew the following spells:

 Your Spells              Type           Power      Damage    Failure   Level
a - Beastly Appendage     Tmut           20%        N/A       6%          1
i - Ice Form              Ice/Tmut       6%         N/A       75%         4
s - Spider Form           Tmut/Pois      6%         N/A       34%         3

Your spell library contained the following spells:

 Spells                   Type           Power      Damage    Failure   Level
 Wereblood                Tmut           10%        N/A       10%         2
 Ignite Poison            Fire/Tmut/Pois 4%         N/A       41%         3
 Conjure Flame            Conj/Fire      1%         6-21      54%         3
 Sticky Flame             Conj/Fire      1%         2d3       91%         4


Dungeon Overview and Level Annotations

Branches:
Dungeon (4/15)
 Temple: D:4-7

Altars:
Dithmenos
Kikubaaqudgha
Okawaru
Qazlal

Shops:
D:2 (   D:4 :

Annotations:
D:3 Eustachio
D:4 exclusions: ogre and orc priest


Innate Abilities, Weirdness & Mutations

One of your tentacles has grown a beastly spike.
You cannot wear most types of armour.
You are amphibious.
You can wear up to eight rings at the same time.
Your skin changes colour to match your surroundings (Stealth+).
Your rubbery body absorbs attacks. (AC +1, EV +1)
((You are camouflaged when in or above water. (Stealth+)))
You have tentacles for arms and can constrict up to eight enemies at once.


Message History

The quasit bites you.
You feel clumsy. The quasit claws you. x2
You feel clumsy. Eustachio closely misses you.
You climb upwards.
The ufetubus disappears in a puff of smoke!
The quasit disappears in a puff of smoke!
There is a stone staircase leading down here.
One of your tentacles grows a vicious spike.
Eustachio hits you with a +0 rapier of flaming.
Eustachio burns you.
You miss Eustachio. Your grab misses Eustachio.
Your tentacle spike misses Eustachio.
Eustachio gestures wildly while chanting.
You tentacle-slap Eustachio. Your grab misses Eustachio.
Your tentacle spike misses Eustachio.
Eustachio is lightly wounded.
Eustachio gestures wildly while chanting.
You tentacle-slap Eustachio but do no damage.
Your grab misses Eustachio.
Your tentacle spike misses Eustachio.
You squeeze Eustachio.
Eustachio is lightly wounded.
The bat barely misses you.
You closely miss Eustachio. Your grab misses Eustachio.
You pierce Eustachio.
Eustachio is moderately wounded.
The bat barely misses you.
Eustachio hits you with a +0 rapier of flaming!
Eustachio burns you.
You tentacle-slap Eustachio. You grab Eustachio.
You pierce Eustachio, but do no damage.
You squeeze Eustachio!
Eustachio is heavily wounded.
You constrict Eustachio, but do no damage.
The crimson imp hits you.
Eustachio hits you with a +0 rapier of flaming!
* * * LOW HITPOINT WARNING * * *
Eustachio burns you.
* * * LOW HITPOINT WARNING * * *
The shadow imp hits you.
You die...

######### ####.#.#.#.##
#...........###########
#..#..b...)#...........
#....55@..(.##########.
#.##..@r..(## ##......
#.#.........####..#####
#.##.......##....##
##.#.........#....#
#..##.#.#.#.##....# #
#..###....####....# #
#....#..### #....# ###
##.#.#.#### ###.## ##..
#.#.#....# #..####..#


You could see Eustachio, a crimson imp (summoned), a river rat (summoned), a
shadow imp (summoned) and a bat (summoned).

Vanquished Creatures
  Jessica (D:2)
  Natasha (D:2)
  2 adders
  2 worms
  2 dart slugs
  4 orcs (D:3)
  3 endoplasms
  2 giant cockroaches
  4 goblins
  9 hobgoblins
  8 kobolds
  5 quokkas
  5 ball pythons
  3 bats (D:2)
  2 frilled lizards
  3 rats
56 creatures vanquished.

Notes
Turn   | Place    | Note
-------+----------+-------------------------------------------
     0 | D:1      | rigrig the Octopode Transmuter began the quest for the Orb.
     0 | D:1      | Reached XP level 1. HP: 13/13 MP: 3/3
   178 | D:1      | Reached XP level 2. HP: 9/18 MP: 5/5
  1019 | D:2      | Found a shadowy altar of Dithmenos.
  1020 | D:2      | Noticed Jessica
  1346 | D:2      | Reached XP level 3. HP: 23/23 MP: 3/6
  1405 | D:2      | Learned a level 3 spell: Spider Form
  1605 | D:2      | Found Noicsurr's Weapon Boutique.
  2017 | D:2      | Noticed Natasha
  2458 | D:2      | Killed Jessica
  2459 | D:2      | Reached skill level 4 in Unarmed Combat
  2459 | D:2      | Reached XP level 4. HP: 29/29 MP: 3/7
  2501 | D:2      | Killed Natasha
  2502 | D:2      | Reached skill level 1 in Stealth
  2607 | D:2      | Found Noicsurr's Weapon Boutique.
  2795 | D:2      | Found a shadowy altar of Dithmenos.
  3399 | D:3      | Reached XP level 5. HP: 22/34 MP: 6/8
  3404 | D:3      | Learned a level 4 spell: Ice Form
  4035 | D:3      | Found an iron altar of Okawaru.
  4249 | D:4      | Found Mufril's Book Boutique.
  4544 | D:4      | Noticed an ogre
  4710 | D:4      | Found an ancient bone altar of Kikubaaqudgha.
  4762 | D:4      | Found a stormy altar of Qazlal.
  5042 | D:4      | Noticed Eustachio
  5065 | D:3      | Slain by a shadow imp

Illustrated notes

Levels and vault maps discovered:
D:1:      lightli_arrival_farm, layout_loops_ring
D:2:      layout_loops_ring, basic_altar, serial_shops,
          nicolae_shop_bloodbath_and_beyond, minivault_27,
          minmay_misc_feat_tiny, dreamdust_princess_bridge, minmay_tetromino_s4,
          uniq_natasha, uniq_jessica
D:3:      layout_rooms, okawaru_gym_becter, kennysheep_crisscross, st_stairs_4
D:4:      minmay_skewed_foursquare, layout_basic,
          nicolae_overflow_crystal_walls, gammafunk_temple_overflow_pools,
          makhleb_blood_cavern_becter, nicolae_qazlal_scattered_showers,
          serial_shops, nicolae_stop_n_shop_2, uniq_eustachio

Skill      XL: |  1  2  3  4  5 |
---------------+----------------+-----
Unarmed Combat | 4 |  4.2
Fighting       | 2 |  2.1
Stealth        | 1 |  1.4
Transmutations | 3 |  3.0
Dodging        | |  2.3
Spellcasting   | |  2.2

Action                   |  1- 3 |  4- 6 || total
-------------------------+-------+-------++-------
Melee: Unarmed           |    60 |    54 ||   114
       Constrict         |    18 |    16 ||    34
       Tentacles         |     7 |    11 ||    18
       Kick              |    18 |    12 ||    30
 Cast: Beastly Appendage |    18 |    19 ||    37
       Spider Form       |     1 |     1 ||     2
  Use: Scroll            |     3 |       ||     3
 Stab: Sleeping          |    11 |     1 ||    12
Armor: Skin              |     2 |     2 ||     4
Dodge: Dodged            |    27 |    28 ||    55
